 Dungeon Crawl Stone Soup version 0.27-a0-1180-g7fc4abc71e (webtiles) character file.

Game seed: 6303439236938278619

1815 ReteAZ the Cudgeller (level 8, -7/64 HPs)
             Began as a Demonspawn Fighter on May 17, 2021.
             Was an Initiate of Okawaru.
             Killed from afar by Maggie (25 damage)
             ... with a bolt of fire
             ... on level 6 of the Dungeon.
             The game lasted 00:09:49 (7536 turns).

ReteAZ the Cudgeller (Demonspawn Fighter)           Turns: 7536, Time: 00:09:49

Health: -7/64      AC: 10    Str: 22    XL:     8   Next: 85%
Magic:  17/17      EV:  8    Int:  9    God:    Okawaru [......]
Gold:   237        SH: 10    Dex: 13    Spells: 7/7 levels left

rFire    . . .     SeeInvis .   A - +5 rapier of Tender Mercy {pain, rC+ Str+3}
rCold    + . .     Faith    .   c - +0 kite shield
rNeg     . . .     Spirit   .   b - +0 scale mail
rPois    .         Reflect  .   (helmet restricted)
rElec    .         Harm     .   (no cloak)
rCorr    +         Rampage  .   j - +1 pair of gloves
Will     .....                  (no boots)
Stlth    ..........             (no amulet)
HPRegen  0.20/turn              r - ring of resist corrosion
MPRegen  0.15/turn              f - ring of magical power

@: mesmerised
A: horns 1, demonic guardian 1, spiny 1, sharp scales 1
a: Renounce Religion


You were on level 6 of the Dungeon.
You worshipped Okawaru.
Okawaru was noncommittal.
You visited 2 branches of the dungeon, and saw 8 of its levels.

You collected 237 gold pieces.

Inventory:

Hand Weapons
 a - a +0 flail
 o - a +2 spear of flaming
 A - the +5 rapier of Tender Mercy (weapon) {pain, rC+ Str+3}
   (You found it on level 6 of the Dungeon)

   In the hands of one skilled in necromantic magic, it inflicts extra damage on
   living creatures.
   It affects your strength (+3).
   It protects you from cold.
Missiles
 i - 9 poisoned darts (quivered)
Armour
 b - a +0 scale mail (worn)
 c - a +0 kite shield (worn)
 j - a +1 pair of gloves (worn)
Jewellery
 f - a ring of magical power (right hand)
 r - a ring of resist corrosion (left hand)
 w - a +6 ring of intelligence
Wands
 e - a wand of iceblast (16)
 q - a wand of paralysis (5)
 u - a wand of charming (10)
 B - a wand of flame (39)
Scrolls
 h - 2 scrolls of teleportation {unknown}
 n - 2 scrolls of enchant weapon {unknown}
 s - a scroll of amnesia {unknown}
 t - a scroll of fog {unknown}
 v - 2 scrolls of identify {unknown}
 x - 2 scrolls of vulnerability {unknown}
 y - a scroll of torment {unknown}
 z - a scroll of enchant armour {unknown}
Potions
 d - a potion of might
 g - a potion of ambrosia {unknown}
 k - a potion of brilliance {unknown}
 l - a potion of heal wounds {unknown}
 m - a potion of curing {unknown}
 p - a potion of degeneration {unknown}


   Skills:
 + Level 5.9 Fighting
 * Level 6.8 Maces & Flails
 + Level 5.4 Armour
 + Level 5.4 Shields


You had 7 spell levels left.
You didn't know any spells.
Your spell library contained the following spells:

 Spells                   Type           Power      Damage    Failure   Level
 Sting                    Tmut/Pois      0%         1d3       98%         1
 Poisonous Vapours        Pois/Air       0%         N/A       99%         2
 Confusing Touch          Hex            0%         N/A       100%        3
 Gell's Gravitas          Tloc           0%         N/A       100%        3
 Ignite Poison            Fire/Tmut/Pois 0%         N/A       100%        3
 Mephitic Cloud           Conj/Pois/Air  0%         N/A       100%        3
 Olgreb's Toxic Radiance  Pois           0%         N/A       100%        4
 Petrify                  Tmut/Erth      0%         N/A       100%        4
 Metabolic Englaciation   Hex/Ice        0%         N/A       100%        5
 Yara's Violent Unravell  Hex/Tmut       0%         3d3       100%        5


Dungeon Overview and Level Annotations

Branches:
Dungeon (7/15)             Temple (1/1) D:6

Altars:
Cheibriados
Elyvilon
Nemelex Xobeh
Okawaru
Uskayaw
Yredelemnul
Zin

Shops:
D:5 *

Annotations:
D:4 1 runed translucent door, soonmide's ghost, weakling DsGl
D:6 Maggie


Innate Abilities, Weirdness & Mutations

You have a pair of small horns on your head.
A weak demonic guardian rushes to your aid.
You are partially covered in sharp spines.
You are partially covered in razor-sharp scales. (AC +1, Slay +1)


Message History

The scorpion stings you but does no damage.
You hit the scorpion but do no damage. You headbutt the scorpion.
The scorpion is heavily wounded.
You block the scorpion's attack.
The scorpion stings you but does no damage.
You puncture the scorpion!
The scorpion is severely wounded.
The scorpion is struck by your spines.
You kill the scorpion!
Okawaru accepts your kill.
Your life force feels restored.
u - a wand of charming (10) (gained 5 charges)
There is a stone staircase leading up here.
You start resting.
HP restored.
You climb upwards.
Level annotation: Maggie Maggie hits you from afar with a +1 vorpal glaive!
There is a stone staircase leading down, spattered with blood here.
Maggie hits you with a +1 vorpal glaive!
You completely miss Maggie. You headbutt Maggie.
Maggie is lightly wounded.
You block Maggie's attack.
Your shield and scale mail prevent you from hitting Maggie.
Maggie is lightly wounded.
Maggie mumbles some strange words.
Maggie attempts to bespell you!
You are mesmerised by Maggie!
Maggie casts a spell at you. The bolt of fire hits you!!
A demonic guardian appears!
You hit Maggie.
Maggie is lightly wounded.
Maggie hits you with a +1 vorpal glaive.
* * * LOW HITPOINT WARNING * * *
x2 You completely miss Maggie.
Maggie is lightly wounded.
A necrophage comes into view.
Maggie gestures at you while chanting. The bolt of fire hits you!!
You die...

##.# # .# ####[####. (# #
###......^#.##.#.#
#......##.#......####
######.......#.###.$......
#######............@...5..######
........####.....#.#..#...# #
######### #...>.#.#..n...# #
#.#..@@...##...# ##
#.##5##.####...# #.
#.......####...# #. #########
#..........#...######. #.......#
#..###.###.#.......... #.......#
##.#.....#.#...###.#.. ........#
#.#.....#.........)). ........#
##.....>.............. ........#
#..#.....#............


You could see Maggie (mesmerising, ally target), a necrophage and a friendly
iron imp (summoned).

Vanquished Creatures
  Sigmund (D:2)
  An ice beast (D:5)
  An orc warrior (D:6)
  A black bear (D:5)
  An ogre (D:6)
  2 phantoms (D:5)
  2 scorpions
  5 wights (D:6)
  A hound (D:4)
  A gnoll shaman (D:5)
  2 orc priests
  A bullfrog skeleton (D:5)
  A centaur skeleton (D:6)
  A jelly (D:4)
  Ijyb (D:3)
  4 iguanas
  7 orc wizards
  Robin (D:2)
  7 adders
  9 gnolls
  A shadow imp (D:6)
  A white imp (D:6)
  4 ufetubi
  An adder zombie (D:5)
  A worm (D:5)
  A dart slug (D:3)
  8 orcs
  A bat zombie (D:2)
  10 endoplasms
  3 giant cockroaches
  20 goblins
  16 hobgoblins
  7 jackals
  4 quokkas
  4 ball pythons
  2 ball python skeletons (D:2)
  9 bats
  8 frilled lizards
  6 kobolds
  5 rats
162 creatures vanquished.

Vanquished Creatures (collateral kills)
  An orc (D:4)
  A kobold (D:2)
2 creatures vanquished.

Grand Total: 164 creatures vanquished

Notes
Turn   | Place    | Note
-------+----------+-------------------------------------------
     0 | D:1      | ReteAZ the Demonspawn Fighter began the quest for the Orb.
     0 | D:1      | Reached XP level 1. HP: 18/18 MP: 1/1
    58 | D:1      | Reached skill level 2 in Maces & Flails
   355 | D:1      | Gained mutation: A weak demonic guardian rushes to your
                  | aid. [demonic ancestry]
   355 | D:1      | Reached XP level 2. HP: 20/24 MP: 2/2
   840 | D:1      | Gained mutation: You have a pair of small horns on your
                  | head. [demonic ancestry]
   840 | D:1      | Reached XP level 3. HP: 27/29 MP: 3/3
  1557 | D:2      | Noticed Robin
  1854 | D:3      | Noticed Ijyb
  2280 | D:2      | Killed Robin
  2281 | D:2      | Gained mutation: You are partially covered in razor-sharp
                  | scales. (AC +1, Slay +1) [demonic ancestry]
  2281 | D:2      | Reached XP level 4. HP: 35/35 MP: 4/4
  2416 | D:2      | Noticed Sigmund
  2668 | D:2      | Killed Sigmund
  2669 | D:2      | Reached skill level 3 in Maces & Flails
  2669 | D:2      | Reached XP level 5. HP: 31/42 MP: 5/5
  3075 | D:3      | Reached XP level 6. HP: 29/48 MP: 6/6
  3142 | D:3      | Killed Ijyb
  3565 | D:3      | Reached skill level 4 in Maces & Flails
  4206 | D:4      | Found a runed translucent door.
  4206 | D:4      | Noticed soonmide's ghost (weakling DsGl)
  4505 | D:4      | Gained mutation: You are partially covered in sharp spines.
                  | [demonic ancestry]
  4505 | D:4      | Reached XP level 7. HP: 35/55 MP: 7/7
  5100 | D:5      | Entered Level 5 of the Dungeon
  5205 | D:5      | Reached skill level 5 in Maces & Flails
  5396 | D:5      | Noticed a yak
  5396 | D:5      | Noticed a yak
  5396 | D:5      | Noticed a yak
  5396 | D:5      | Noticed a yak
  5398 | D:5      | Noticed a yak
  5398 | D:5      | Noticed a yak
  5496 | D:5      | Found Tkhloare's Tempting Trifles.
  5532 | D:5      | Reached skill level 5 in Fighting
  5748 | D:5      | Reached XP level 8. HP: 62/62 MP: 8/8
  6303 | D:6      | Noticed a +0 short sword
  6360 | D:6      | Found a staircase to the Ecumenical Temple.
  6418 | D:6      | Reached skill level 6 in Maces & Flails
  6437 | Temple   | Entered the Ecumenical Temple
  6450 | Temple   | Became a worshipper of Warmaster Okawaru
  6506 | D:6      | Reached skill level 5 in Armour
  6513 | D:6      | Identified the +5 rapier of Tender Mercy {pain, rC+ Str+3}
  6531 | D:6      | Reached skill level 5 in Shields
  6545 | D:6      | HP: 3/63 [something/puff of flame (13)]
  6858 | D:6      | Found a hide-covered altar of Uskayaw.
  6858 | D:6      | Noticed a +0 dagger
  6858 | D:6      | Noticed a +0 falchion
  6858 | D:6      | Noticed a +0 spear
  6859 | D:6      | Noticed a +0 falchion
  6860 | D:6      | Noticed a +0 spear
  6861 | D:6      | Noticed a +0 short sword
  6863 | D:6      | Noticed a +0 dagger
  7321 | D:6      | Noticed Maggie
  7536 | D:6      | Killed from afar by Maggie

Illustrated notes

Levels and vault maps discovered:
D:1:      dpeg_arrival_water_temple_mockup, layout_rooms, corner_web_ring
D:2:      layout_rooms, serial_undead, serial_undead_f, serial_undead_d,
          serial_undead_f, serial_undead_d, serial_bayou_pond_a, uniq_sigmund,
          uniq_robin
D:3:      layout_rooms, uniq_ijyb
D:4:      layout_basic, hellmonk_ghost_happy_afterlife, minmay_goblin_outpost
D:5:      minmay_inner_zag, layout_rooms, elyvilon_altar_1, minivault_23,
          nicolae_alphabet_shops, minmay_joined_circles
D:6:      layout_loops_cross, nicolae_uskayaw_en_pointe, zin_academy,
          temple_hall, st_stairs_3, uniq_maggie
D:7:      layout_basic, kennysheep_generic_room_11
Temple:   eino_temple_scatter_basement

Skill      XL: |  1  2  3  4  5  6  7  8 |
---------------+-------------------------+-----
Maces & Flails | 2 3 4 5 6 |  6.8
Shields        | 3 4 5 |  5.4
Armour         | 3 4 5 |  5.4
Fighting       | 4 5 |  5.9

Action                   |  1- 3 |  4- 6 |  7- 9 || total
-------------------------+-------+-------+-------++-------
Melee: Flail             |   162 |    20 |       ||   182
       Headbutt          |    11 |    26 |    33 ||    70
       Spear             |       |   139 |   112 ||   251
       Rapier            |       |       |    54 ||    54
Throw: Dart              |    12 |    11 |     4 ||    27
       Throwing net      |       |     1 |       ||     1
Evoke: Wand              |       |     1 |       ||     1
Armor: Scale mail        |    96 |    53 |    51 ||   200
Dodge: Dodged            |    59 |    33 |    38 ||   130
Block: Kite shield       |   113 |    59 |    86 ||   258

Table legend: (Time is in decaauts)
 A = Elapsed time spent in this place.
 B = Non-inter-level travel time spent in this place.
 C = Inter-level travel time spent in this place.
 D = Time resting spent in this place.
 E = Time spent auto-exploring this place.
 F = Levels seen in this place.
 G = Mean time per level.
                   A        B        C        D        E       F      G
               +--------+--------+--------+--------+--------+-----+--------+
         Total |   7748 |   7412 |    336 |   1265 |   4520 |   8 |  968.5 |
       Dungeon |   7724 |   7397 |    327 |   1265 |   4509 |   7 | 1103.4 |
        Temple |     23 |     14 |      9 |      0 |     11 |   1 |   23.0 |
               +--------+--------+--------+--------+--------+-----+--------+

Top non-repeatable levels by time:
     D:1: 1608 daAuts
     D:3: 1518 daAuts
     D:5: 1457 daAuts
     D:4: 1110 daAuts
     D:2: 1097 daAuts
     D:6: 733 daAuts
     D:7: 197 daAuts
  Temple: 23 daAuts
